 Dungeon Crawl Stone Soup version 0.30-a0-800-g7c544603b3 (webtiles) character file.

Game seed: 14430874721263499628

11 Aneyh the Insei (level 2, -2/16 HPs)
             Began as a Tengu Transmuter on Feb 23, 2023.
             Slain by a gnoll
             ... wielding a +1 heavy flail
              (18 damage)
             ... on level 1 of the Dungeon.
             The game lasted 00:01:15 (211 turns).

Aneyh the Insei (Tengu Transmuter)                   Turns: 211, Time: 00:01:16

Health: -2/16      AC:  2    Str: 10    XL:     2   Next: 29%
Magic:  6/6        EV: 12    Int: 13    God:
Gold:   0          SH:  0    Dex: 14    Spells: 4/5 levels left

rFire   . . .      SeeInvis .      - Unarmed
rCold   . . .      Faith    .    (no shield)
rNeg    . . .      Spirit   .    a - +0 robe
rPois   .          Reflect  .    (helmet restricted)
rElec   .          Harm     .    (no cloak)
rCorr   .          Rampage  .    (no gloves)
Will    .....                    (boots unavailable)
Stlth   +                        (no amulet)
HPRegen 0.22/turn                (no ring)
MPRegen 0.10/turn                (no ring)

@: no status effects
A: beak, talons 3
a: no special abilities


You were on level 1 of the Dungeon.
You visited 1 branch of the dungeon, and saw 1 of its levels.

Inventory:

Hand Weapons
 d - a +0 dagger
Armour
 a - a +0 robe (worn)
Scrolls
 c - a scroll of enchant armour {unknown}
Potions
 b - a potion of lignification
 e - a potion of brilliance {unknown}
 f - a potion of resistance {unknown}


   Skills:
 - Level 1.0 Fighting
 - Level 2.1 Dodging
 + Level 3.7 Unarmed Combat
 - Level 2.0 Spellcasting
 - Level 2.0 Transmutations


You had 4 spell levels left.
You knew the following spells:

 Your Spells              Type           Power      Damage    Failure   Level
a - Beastly Appendage     Tmut           12%        N/A       11%         1

Your spell library contained the following spells:

 Spells                   Type           Power      Damage    Failure   Level
 Wereblood                Tmut           6%         N/A       17%         2
 Spider Form              Tmut/Pois      3%         N/A       45%         3
 Ice Form                 Ice/Tmut       3%         N/A       86%         4


Dungeon Overview and Level Annotations

Branches:
Dungeon (1/15)

Altars:


Innate Abilities, Weirdness & Mutations

You have a beak for a mouth.
You have claws for feet.


Message History

A bat is nearby!
The bat hits you.
You completely miss the bat. The bat closely misses you. The bat hits you.
A bat is nearby!
You barely miss the bat. You claw the bat, but do no damage. You peck the bat.
The bat is moderately wounded.
The bat closely misses you. The bat closely misses you.
You closely miss the bat.
The bat is moderately wounded.
The bat hits you but does no damage. The bat hits you.
You hit the bat.
You kill the bat!
You open the door.
A goblin comes into view. It is wielding a +0 club.
There is an open door here.
A goblin is nearby!
The goblin shouts!
The goblin hits you but does no damage.
You hit the goblin but do no damage. Your kick misses the goblin.
Your peck misses the goblin. You punch the goblin.
You kill the goblin!
f - an amethyst potion 2 hobgoblins come into view.
Found 10 gold pieces.
The hobgoblin shouts!
You hear an angry hiss.
You hear a shout!
A gnoll comes into view. It is wielding a +1 heavy flail.
Found a club.
The gnoll shouts!
You barely miss the hobgoblin. You peck the hobgoblin.
The hobgoblin is moderately wounded.
The hobgoblin closely misses you.
You hit the hobgoblin.
You kill the hobgoblin!
You closely miss the gnoll.
The gnoll hits you with a +1 heavy flail!!
Ouch! That really hurt!
You die...

#.# # #....### #.# #. #......
#.# #.####..... #..
.#.....$... #.. ..........#
#.. .. ..........#+### #.#
................... ###.#
#..........g@g...... +.#.#
#.....#+#+##........ #.#..
#.............#..... #.#..
#..........##......# ###....
#..........#######.####....##
#..........##.......##..#.###
#..........##.......##.##.# #
#..........##.......>.....#
#..........##.......#######


You could see a gnoll and a hobgoblin.

Vanquished Creatures
  2 endoplasms (D:1)
  2 goblins (D:1)
  A hobgoblin (D:1)
  3 bats (D:1)
  A frilled lizard (D:1)
  2 rats (D:1)
11 creatures vanquished.

Notes
Turn   | Place    | Note
-------+----------+-------------------------------------------
     0 | D:1      | Aneyh the Tengu Transmuter began the quest for the Orb.
     0 | D:1      | Reached XP level 1. HP: 12/12 MP: 4/4
   178 | D:1      | Reached XP level 2. HP: 16/16 MP: 6/6
   211 | D:1      | Slain by a gnoll

Illustrated notes

Levels and vault maps discovered:
D:1:      minmay_arrival_open_corners, layout_basic

Skill      XL: |  1 |
---------------+----+-----
Transmutations | 2 |  2.0
Fighting       | |  1.0
Dodging        | |  2.1
Unarmed Combat | |  3.7
Spellcasting   | |  2.0

Action                     || total
---------------------------++-------
  Melee: Unarmed           ||    18
         Kick              ||     7
         Dagger            ||     3
         Punch             ||     2
         Peck              ||     3
 Armour: Robe              ||     2
  Dodge: Dodged            ||     9

Table legend: (Time is in decaauts)
 A = Elapsed time spent in this place.
 B = Non-inter-level travel time spent in this place.
 C = Inter-level travel time spent in this place.
 D = Time resting spent in this place.
 E = Time spent auto-exploring this place.
 F = Levels seen in this place.
 G = Mean time per level.
                   A        B        C        D        E       F      G
               +--------+--------+--------+--------+--------+-----+--------+
         Total |    208 |    208 |      0 |     37 |    110 |   1 |  208.0 |
       Dungeon |    208 |    208 |      0 |     37 |    110 |   1 |  208.0 |
               +--------+--------+--------+--------+--------+-----+--------+

Top non-repeatable levels by time:
     D:1: 208 daAuts
